 Dungeon Crawl Stone Soup version 0.28.0-53-g5a82cb258f (webtiles) character file.

Game seed: 8971891365751193793

23314 Kaptain the Geomancer (level 13, 0/84 HPs)
             Began as a Gargoyle Earth Elementalist on July 15, 2022.
             Slain by a boulder beetle (43 damage)
             ... on level 5 of the Lair of Beasts.
             The game lasted 00:31:27 (19774 turns).

Kaptain the Geomancer (GrEE)                       Turns: 19774, Time: 00:31:27

Health: 0/84       AC: 25    Str: 20    XL:     13   Next: 5%
Magic:  12/26      EV: 11    Int: 21    God:
Gold:   933        SH:  0    Dex: 10    Spells: 26/30 levels left

rFire   + . .      SeeInvis .   F - +6 mace of the Poles {elec, Str+2}
rCold   . . .      Faith    .   (no shield)
rNeg    + . .      Spirit   .   p - +2 leather armour {rF+}
rPois   ∞          Reflect  .   g - +2 helmet
rElec   +          Harm     .   (no cloak)
rCorr   .          Rampage  .   (no gloves)
Will    .....                   K - +1 pair of boots
Stlth   ++........              l - amulet of the acrobat
HPRegen 0.24/turn               a - +4 ring of protection
MPRegen 0.20/turn               B - +6 ring of strength

@: no status effects
A: sickness immunity, AC +9, negative energy resistance 1, electricity
resistance, torment resistance 1, petrification resistance
a: no special abilities


You were on level 5 of the Lair of Beasts.
You visited 2 branches of the dungeon, and saw 14 of its levels.

You collected 933 gold pieces.

Inventory:

Hand Weapons
 n - a +5 short sword
 o - a +2 flail of protection
 D - a +0 demon blade
 F - the +6 mace of the Poles (weapon) {elec, Str+2}
   (You found it on level 8 of the Dungeon)

   It occasionally discharges a powerful burst of electricity upon striking a
   foe.
   Str:       It affects your strength (+2).
Missiles
 t - 304 stones
 H - 67 sling bullets
Armour
 g - a +2 helmet (worn)
 i - +0 acid dragon scales
 p - a +2 leather armour of fire resistance (worn)
 G - the +1 robe of the Tundras {Int+2 Stlth+}
   (You found it on level 8 of the Dungeon)

   Int:       It affects your intelligence (+2).
   Stlth:     It makes you more stealthy.
 K - a +1 pair of boots (worn)
Magical Staves
 R - a staff of earth
Jewellery
 a - a +4 ring of protection (left hand)
 j - a ring of positive energy
 l - an amulet of the acrobat (around neck)
 B - a +6 ring of strength (right hand)
 Q - a ring of positive energy
 V - a ring of willpower
Wands
 k - a wand of iceblast (14)
 y - a wand of flame (37)
 z - a wand of paralysis (14)
 E - a wand of acid (17)
 J - a wand of mindburst (12)
Scrolls
 b - 3 scrolls of fog
 e - 2 scrolls of vulnerability {unknown}
 h - 3 scrolls of immolation
 r - 4 scrolls of teleportation
 x - 13 scrolls of identify
 I - a scroll of holy word {unknown}
 L - 4 scrolls of blinking
 M - 3 scrolls of fear
 N - 2 scrolls of magic mapping {unknown}
 P - a scroll of enchant armour
 T - 4 scrolls of enchant weapon {unknown}
 U - a scroll of noise {unknown}
 X - a scroll of amnesia {unknown}
Potions
 c - 4 potions of heal wounds
 d - 5 potions of brilliance
 f - 2 potions of haste
 m - 4 potions of curing
 q - 4 potions of lignification {unknown}
 s - 2 potions of magic {unknown}
 u - 5 potions of mutation {unknown}
 v - 4 potions of cancellation {unknown}
 w - a potion of degeneration {unknown}
 A - a potion of berserk rage
 C - a potion of might {unknown}
 O - a potion of experience {unknown}
 S - 2 potions of flight {unknown}
 W - a potion of ambrosia {unknown}


   Skills:
 * Level 10.9 Fighting
 + Level 7.5 Armour
 - Level 1.5 Dodging
 - Level 4.0 Stealth
 - Level 5.0 Shields
 * Level 9.4 Spellcasting
 * Level 10.7 Conjurations
 - Level 0.7 Transmutations
 * Level 12.3 Earth Magic


You had 26 spell levels left.
You knew the following spells:

 Your Spells              Type           Power      Damage    Failure   Level
a - Sandblast             Erth           100%       2d20      1%          1
b - Stone Arrow           Conj/Erth      100%       3d13      1%          3

Your spell library contained the following spells:

 Spells                   Type           Power      Damage    Failure   Level
 Passwall                 Tmut/Erth      30%        N/A       1%          2
 Searing Ray              Conj           100%       2d8       1%          2
 Static Discharge         Conj/Air       32%        N/A       1%          2
 Petrify                  Tmut/Erth      37%        N/A       5%          4
 Beastly Appendage        Tmut           24%        N/A       6%          1
 Wereblood                Tmut           12%        N/A       9%          2
 Hailstorm                Conj/Ice       32%        3d8       9%          4
 Iskenderun's Mystic Bla  Conj/Tloc      32%        2d8       9%          4
 Sticky Flame             Conj/Fire      32%        2d5       9%          4
 Blink                    Tloc           18%        N/A       12%         2
 Spider Form              Tmut/Pois      11%        N/A       21%         3
 Lesser Beckoning         Tloc           9%         N/A       24%         3
 Tukima's Dance           Hex            9%         N/A       24%         3
 Anguish                  Hex/Necr       4%         N/A       61%         4
 Dispel Undead            Necr           9%         3d8       61%         4
 Starburst                Conj/Fire      16%        6d6       78%         6
 Manifold Assault         Tloc           9%         N/A       91%         5
 Summon Forest            Summ/Tloc      4%         N/A       91%         5
 Summon Mana Viper        Hex/Summ       9%         N/A       91%         5
 Summon Cactus Giant      Summ           4%         N/A       100%        6
 Enfeeble                 Hex            4%         N/A       100%        7


Dungeon Overview and Level Annotations

Branches:
Dungeon (9/15)             Temple (0/1) D:7            Lair (5/6) D:8
 Shoals (0/4) Lair:2        Snake (0/4) Lair:4          Orc (0/2) D:9
  Slime: Lair:5-6

Altars:
Kikubaaqudgha
Okawaru
Qazlal
Ru
Sif Muna
Yredelemnul
Zin

Shops:
D:5 *   D:6 (

Portals:
Abyss: Lair:5

Annotations:
D:5 2 transporters, Menkaure
D:7 3 runed translucent doors, crawlogic's ghost, novice BaFi
Lair:5 2 transporters, Kaofid's ghost, journeyman GrEE


Innate Abilities, Weirdness & Mutations

You are immune to sickness and miasma.
Your stone body is resilient. (AC +9)
You are immune to poison.
You resist negative energy. (rN+)
You are resistant to electric shocks. (rElec)
You are resistant to unholy torment.
You are immune to petrification.


Message History

Okay, then.
Casting: Stone Arrow (safe; 1% risk of failure)
Confirm with . or Enter, or press ? or * to list all spells.
Aiming: Stone Arrow (safe; 1% risk of failure)
Press: ? - help, Shift-Dir - straight line, f - water moccasin
Aim: a water moccasin (63% to hit)
The stone arrow hits the water moccasin!
The water moccasin is severely wounded.
Unknown command.
Casting: Stone Arrow (safe; 1% risk of failure)
Confirm with . or Enter, or press ? or * to list all spells.
Aiming: Stone Arrow (safe; 1% risk of failure)
Press: ? - help, Shift-Dir - straight line, f/p - water moccasin
Aim: a water moccasin (heavily wounded, 63% to hit)
The stone arrow misses the water moccasin.
The stone arrow hits the boulder beetle!
The boulder beetle is lightly wounded.
The boulder beetle curls into a ball and begins rolling!
The water moccasin completely misses you.
The water moccasin closely misses you. The water moccasin bites you.
The boulder beetle hits you!!!
The boulder beetle stops rolling and uncurls.
The water moccasin barely misses you. The water moccasin closely misses you.
The water moccasin misses you.
The boulder beetle curls into a ball and begins rolling!
The water moccasin misses you. The water moccasin misses you.
The water moccasin barely misses you.
There is a stone staircase leading up here.
Casting: Stone Arrow (safe; 1% risk of failure)
Confirm with . or Enter, or press ? or * to list all spells.
Aiming: Stone Arrow (safe; 1% risk of failure)
Press: ? - help, Shift-Dir - straight line, f/p - water moccasin
Aim: a water moccasin (heavily wounded, 63% to hit)
The stone arrow hits the water moccasin!!
You kill the water moccasin!
The boulder beetle hits you!!!
Ouch! That really hurt!
You die...

>...#####....♣.≈.♣.♣≈.≈......
....P# ##.....≈.≈.≈.≈.≈.#....
....## #.#.'P≈.≈.≈...≈≈≈##+.P
.....# ####.....♣.♣...P≈# .######
##....°..♣..#≈# ..##..#
##...○.....### ^.....#
#####°#...... .....##
####..#†+○####.. .....#
#......@B..#.#..... .....###
##..........###...... .......#
##........#.#.......... ......##
##<........##..........
.......##P.+........###..........
^........P...........#.#.........
.................................
......#...#.........)P...........
.......#..#......................


You could see a boulder beetle (rolling).

Vanquished Creatures
  7 hydras
  Erica (Lair:1)
  A two-headed ogre (D:8)
  Sonja (Lair:1)
  A black mamba (Lair:1)
  6 cane toads
  A kobold demonologist (D:8)
  2 rime drakes
  5 komodo dragons
  6 polar bears
  A hornet (D:8)
  Prince Ribbit (Lair:2)
  9 blink frogs
  A snapping turtle (Lair:2)
  12 yaks
  A wyvern (D:8)
  6 basilisks
  A wraith (D:7)
  3 steam dragons
  A warg (D:9)
  A naga (Lair:4)
  2 acid dragons (D:8)
  7 water moccasins
  5 black bears
  An orc warrior (D:8)
  2 necrophages
  4 ogres
  7 wolves
  2 centaurs (D:9)
  3 phantoms
  6 kobold brigands
  12 bullfrogs
  3 gnoll sergeants (D:9)
  2 wyvern zombies (D:7)
  A scorpion (D:4)
  A water moccasin skeleton (D:4)
  A jelly (D:5)
  12 wights
  2 howler monkeys (D:6)
  An electric eel (Lair:2)
  A centaur zombie (D:8)
  3 hounds
  Crazy Yiuf (D:3)
  3 gnoll shamans
  5 orc priests
  Jessica (D:3)
  2 iguanas
  6 orc wizards
  4 hell rats
  A howler monkey zombie (D:9)
  27 gnolls
  8 adders
  3 shadow imps
  A white imp (D:7)
  An ufetubus (D:5)
  An adder skeleton (D:4)
  6 worms
  31 orcs
  10 endoplasms
  2 giant cockroaches
  6 goblins
  3 hobgoblins
  2 jackals (D:5)
  A quokka (D:3)
  7 ball pythons
  6 bats
  3 frilled lizards
  37 kobolds
  4 kobold skeletons (D:8)
  14 kobold zombies (D:8)
  5 rats
347 creatures vanquished.

Vanquished Creatures (others)
  21 fungi
  24 plants
45 creatures vanquished.

Grand Total: 392 creatures vanquished

Notes
Turn   | Place    | Note
-------+----------+-------------------------------------------
     0 | D:1      | Kaptain the Gargoyle Earth Elementalist began the quest for
                  | the Orb.
     0 | D:1      | Reached XP level 1. HP: 10/10 MP: 3/3
   383 | D:1      | Reached XP level 2. HP: 16/16 MP: 3/5
   666 | D:1      | Found a faded altar of an unknown god.
  1111 | D:2      | Noticed an ogre
  1130 | D:2      | Reached skill level 1 in Fighting
  1130 | D:2      | Reached skill level 1 in Conjurations
  1367 | D:2      | Reached XP level 3. HP: 19/20 MP: 6/6
  1371 | D:2      | Learned a level 3 spell: Stone Arrow
  1871 | D:2      | Reached skill level 4 in Earth Magic
  1918 | D:1      | Reached XP level 4. HP: 11/26 MP: 1/7
  2332 | D:2      | Killed an ogre
  2333 | D:2      | Reached skill level 1 in Armour
  2333 | D:2      | Reached XP level 5. HP: 31/31 MP: 0/9
  2751 | D:3      | Noticed Jessica
  2753 | D:3      | Killed Jessica
  2754 | D:3      | Reached XP level 6. HP: 36/36 MP: 6/10
  3933 | D:3      | Reached skill level 5 in Earth Magic
  4249 | D:3      | Found a runed translucent door.
  4250 | D:3      | Noticed Crazy Yiuf
  4255 | D:3      | Killed Crazy Yiuf
  4256 | D:3      | Reached XP level 7. HP: 41/41 MP: 5/12
  5096 | D:4      | Found a sacrificial altar of Ru.
  5097 | D:4      | You fall into a shaft and drop 1 floor!
  5097 | D:5      | Entered Level 5 of the Dungeon
  5799 | D:5      | Reached XP level 8. HP: 48/48 MP: 4/14
  5958 | D:5      | Found a basalt altar of Yredelemnul.
  5959 | D:5      | Found an ancient bone altar of Kikubaaqudgha.
  5960 | D:5      | Noticed a vampire
  5960 | D:5      | Noticed Menkaure
  5980 | D:5      | Found Wayptoar's Assorted Antiques.
  6036 | D:5      | Found a transporter.
  6041 | D:5      | Found a transporter.
  6123 | D:5      | Reached skill level 6 in Earth Magic
  7291 | D:6      | Reached skill level 5 in Fighting
  7540 | D:6      | Found Uliaprue's Antique Weapon Shop.
  7566 | D:6      | Reached skill level 5 in Conjurations
  8054 | D:7      | Reached skill level 5 in Spellcasting
  8054 | D:7      | Reached XP level 9. HP: 52/54 MP: 7/16
  8065 | D:7      | Reached skill level 7 in Earth Magic
  8314 | D:7      | Found a stormy altar of Qazlal.
  8765 | D:7      | Found a staircase to the Ecumenical Temple.
  9019 | D:7      | Found a runed translucent gate.
  9020 | D:7      | Found a runed translucent gate.
  9021 | D:7      | Found a runed translucent gate.
  9024 | D:7      | Noticed crawlogic's ghost (novice BaFi)
  9222 | D:7      | Found a glowing silver altar of Zin.
  9487 | D:8      | Found an iron altar of Okawaru.
  9506 | D:8      | Found a shimmering blue altar of Sif Muna.
  9529 | D:8      | Found a staircase to the Lair.
  9552 | D:8      | Reached skill level 8 in Earth Magic
  9692 | D:8      | Got Sif Muna's Grimoire of Quantum Leap
  9733 | D:8      | Noticed a hornet
  9740 | D:8      | Killed a hornet
  9854 | D:8      | Noticed a two-headed ogre
  9861 | D:8      | Killed a two-headed ogre
  9862 | D:8      | Reached XP level 10. HP: 63/63 MP: 3/19
 10142 | D:8      | Reached skill level 5 in Armour
 10146 | D:8      | Identified the +6 mace of the Poles {elec, Str+2}
 10511 | D:8      | Reached skill level 9 in Earth Magic
 10627 | D:8      | Identified the +1 robe of the Tundras {Int+2 Stlth+}
 10716 | D:8      | Noticed a kobold demonologist
 10732 | D:8      | Noticed a soul eater
 10830 | D:8      | Killed a kobold demonologist
 11228 | D:8      | Found an ancient bone altar of Kikubaaqudgha.
 11735 | D:9      | Found a staircase to the Orcish Mines.
 13158 | Lair:1   | Entered Level 1 of the Lair of Beasts
 13158 | Lair:1   | Noticed Sonja
 13163 | Lair:1   | Killed Sonja
 13164 | Lair:1   | Reached skill level 1 in Shields
 13164 | Lair:1   | Reached XP level 11. HP: 69/69 MP: 14/21
 13303 | Lair:1   | Noticed Erica
 13358 | Lair:1   | Killed Erica
 13359 | Lair:1   | Reached skill level 10 in Earth Magic
 13925 | Lair:1   | Noticed a seven-headed hydra
 13931 | Lair:1   | Killed a seven-headed hydra
 14525 | Lair:2   | Noticed Prince Ribbit
 14534 | Lair:2   | Killed Prince Ribbit
 14643 | Lair:2   | Found a staircase to the Shoals.
 15574 | Lair:2   | Noticed an eight-headed hydra
 15714 | Lair:2   | Killed an eight-headed hydra
 15715 | Lair:2   | Reached skill level 11 in Earth Magic
 15838 | Lair:2   | Reached XP level 12. HP: 76/76 MP: 20/24
 16666 | Lair:3   | Reached skill level 10 in Fighting
 17274 | Lair:3   | Noticed a six-headed hydra
 17281 | Lair:3   | Killed a six-headed hydra
 17282 | Lair:3   | Reached skill level 10 in Conjurations
 18418 | Lair:4   | Found a staircase to the Snake Pit.
 19035 | Lair:5   | Reached skill level 12 in Earth Magic
 19281 | Lair:5   | Noticed a five-headed hydra
 19286 | Lair:5   | Killed a five-headed hydra
 19389 | Lair:5   | Found a one-way gate to the infinite horrors of the Abyss.
 19389 | Lair:5   | Noticed Kaofid's ghost (journeyman GrEE)
 19393 | Lair:5   | Found a transporter.
 19398 | Lair:5   | Found a transporter.
 19407 | Lair:5   | Noticed a six-headed hydra
 19414 | Lair:5   | Killed a six-headed hydra
 19606 | Lair:5   | Noticed a five-headed hydra
 19612 | Lair:5   | Killed a five-headed hydra
 19613 | Lair:5   | Reached XP level 13. HP: 84/84 MP: 13/26
 19758 | Lair:5   | Reached skill level 5 in Shields
 19774 | Lair:5   | Slain by a boulder beetle

Illustrated notes

Levels and vault maps discovered:
D:1:      onia_arrival_mini_spirals, layout_loops_ring,
          shapermc_ecumenical_altar_ellora, chequers_big_river
D:2:      layout_loops_corners, minmay_vboxes
D:3:      layout_rooms, nicolae_concentric_dashed_squares_wild, st_stairs_13,
          uniq_crazy_yiuf_cottage, uniq_jessica
D:4:      layout_cave_pools, nicolae_ru_the_path_less_chosen
D:5:      layout_loops_corners, gammafunk_temple_of_torment, serial_shops, shop
D:6:      layout_basic, serial_shops, shop,
          nicolae_concentric_dashed_squares_mild, kennysheep_generic_room_4
D:7:      layout_rooms, mainiacjoe_overflow_cross_hatched,
          mainiacjoe_overflow_six_doors_small, minmay_temple_entry_nine_rooms,
          gammafunk_ghost_nasty_kobolds
D:8:      wander_kiku_kobolds, layout_cave_pods, nicolae_sif_muna_condensation,
          lemuel_doored_altar, lair_entry_dummy
D:9:      layout_loops_ring, david_orc_1_choice
Lair:1:   layout_chaotic_city, uniq_erica, uniq_sonja
Lair:2:   beast_lair_carwin_large_1, layout_regular_city,
          minmay_shoals_entry_hut, uniq_prince_ribbit2
Lair:3:   layout_hall_layers, grunt_megastairs_2
Lair:4:   layout_long_grid, guppyfry_snake_entry_island, grunt_megastairs_3
Lair:5:   layout_roguey, minmay_slime_entry_pillars, serial_rivers,
          chequers_serial_rivers_marsh, chequers_serial_rivers_room_a,
          chequers_serial_rivers_micro_d, chequers_serial_rivers_micro_c,
          gammafunk_ghost_abyssal_escape

Skill      XL: |  1  2  3  4  5  6  7  8  9 10 11 12 13 |
---------------+----------------------------------------+-----
Fighting       | 1 2 3 4 5 7 8 9 10 | 10.9
Conjurations   | 1 2 3 5 7 8 9 10 | 10.7
Earth Magic    | 4 5 6 8 9 11 12 | 12.3
Armour         | 1 2 3 4 5 6 7 |  7.5
Spellcasting   | 3 4 5 6 7 8 9 |  9.4
Stealth        | 3 4 |  4.0
Shields        | 1 3 4 5 |  5.0
Dodging        | |  1.5
Transmutations | |  0.7

Action                   |  1- 3 |  4- 6 |  7- 9 | 10-12 | 13-15 || total
-------------------------+-------+-------+-------+-------+-------++-------
Melee: Short sword       |    44 |    29 |    54 |       |       ||   127
       Punch             |     1 |     2 |     2 |     1 |       ||     6
       Flail             |       |    24 |    66 |       |       ||    90
       Mace              |       |       |       |    67 |       ||    67
       Staff             |       |       |       |     4 |       ||     4
 Cast: Sandblast         |    30 |    17 |    81 |    80 |       ||   208
       Stone Arrow       |       |    35 |    88 |   305 |     6 ||   434
  Use: Scroll            |       |       |    10 |       |       ||    10
       Potion            |       |       |       |     1 |       ||     1
 Stab: Sleeping          |     1 |     1 |       |       |       ||     2
Armor: Robe              |    16 |    20 |       |       |       ||    36
       Leather armour    |       |    24 |   102 |   157 |     4 ||   287
Dodge: Dodged            |    26 |    40 |   136 |   166 |    10 ||   378
